 Dungeon Crawl Stone Soup version 0.20.0-15-g7f486f2 (webtiles) character file.

496 Hook the Charmwright (level 6, -10/51 HPs)
             Began as a Draconian Skald on June 26, 2017.
             Mangled by an ogre
             ... wielding a +0 giant club
              (19 damage)
             ... on level 4 of the Dungeon.
             The game lasted 00:07:46 (3828 turns).

Hook the Charmwright (Draconian Skald)              Turns: 3828, Time: 00:07:47

Health: -10/51     AC:  7    Str: 16    XL:     6   Next: 93%
Magic:  1/11       EV: 13    Int: 13    God:
Gold:   161        SH:  0    Dex: 10    Spells: 3/12 levels left

rFire    . . .     SeeInvis .   a - +0 hand axe
rCold    . . .     Gourm    .   (no shield)
rNeg     . . .     Faith    .   (armour unavailable)
rPois    .         Spirit   .   (helmet restricted)
rElec    .         Reflect  .   f - +0 cloak
rCorr    .         Harm     .   (no gloves)
MR       .....                  (no boots)
Stlth    +.........             k - amulet of regeneration
Regen    0.6/turn               (no ring)
MPRegen  0.2/turn               (no ring)

@: infused
A: unfitting armour, cold-blooded, AC +6
a: no special abilities


You were on level 4 of the Dungeon.
You were hungry.

You visited 1 branch of the dungeon, and saw 4 of its levels.

You collected 161 gold pieces.

Inventory:

Hand Weapons
 a - a +0 hand axe (weapon)
Armour
 f - a +0 cloak (worn)
Jewellery
 k - an amulet of regeneration (around neck)
Wands
 m - a wand of random effects (20/48)
Scrolls
 d - a scroll of blinking {unknown}
 e - a scroll of teleportation
 n - 2 scrolls of enchant weapon {unknown}
 o - a scroll of remove curse
Potions
 c - a potion of cancellation {unknown}
 g - 2 potions of might {unknown}
 j - a potion of haste
 l - 2 potions of berserk rage {unknown}
Books
 b - a book of Battle

   Spells                             Type                      Level
   a - Infusion                       Charms                       1
   b - Shroud of Golubria             Charms/Translocation         2
   c - Song of Slaying                Charms                       2
   d - Spectral Weapon                Hexes/Charms                 3
   e - Regeneration                   Charms/Necromancy            3
Comestibles
 h - a chunk of flesh
 i - 9 fruits
 p - a bread ration


   Skills:
 + Level 3.1 Fighting
 + Level 3.8 Axes
 * Level 3.6 Dodging
 + Level 0.4 Stealth
 * Level 3.8 Spellcasting
 + Level 0.1 Hexes
 * Level 4.0 Charms
 + Level 0.2 Necromancy


You had 3 spell levels left.
You knew the following spells:

 Your Spells              Type           Power        Failure   Level  Hunger
a - Infusion              Chrm           ##..         4%          1    None
b - Song of Slaying       Chrm           ##......     6%          2    ##.....
c - Regeneration          Chrm/Necr      #.........   26%         3    ###....
d - Spectral Weapon       Hex/Chrm       #.......     26%         3    ###....


Dungeon Overview and Level Annotations

Branches:
Dungeon (4/15)
 Temple: D:4-7

Altars:
Fedhas
Hepliaklqana
Makhleb
Okawaru

Annotations:
D:3 miragecloak's ghost, amateur FoAK
D:4 Pikel


Innate Abilities, Weirdness & Mutations

Your plain brown scales are hard. (AC +6)
You cannot fit into any form of body armour.
You are cold-blooded and may be slowed by cold attacks.


Message History

The quokka barely misses you.
You hit the quokka.
You kill the quokka!
You slash the ogre!
The ogre is moderately wounded.
The ogre hits you with a giant club!
You closely miss the ogre.
The ogre is moderately wounded.
The ogre misses you.
You hit the ogre.
The ogre is severely wounded.
The ogre hits you with a giant club!!
* * * LOW HITPOINT WARNING * * *
You barely miss the ogre.
The ogre is severely wounded.
The ogre misses you.
You hit the ogre. You tail-slap the ogre.
The ogre is almost dead.
The ogre hits you with a giant club!!
You die...

#.......#.#.#..
#......$#.#...#
#.......#.#..###### .##
#.......#.#.#.....##...
#..$....#..............
#......................
#......................
####.......@....).........
#....).....#O.............
#.........##..............
#........###.#........)...
#######.## #.##...........
#.# #.##......#.... #.#
#..#.....## ... #.##
##.##.##.# #.. #..#
#.##.##.# ..


You could see an ogre.

Vanquished Creatures
  Grinder (D:3)
  Sigmund (D:2)
  Terence (D:3)
  3 adders
  An ooze (D:1)
  An adder skeleton (D:3)
  2 worms
  4 dart slugs
  3 leopard geckos
  An orc (D:3)
  A giant cockroach (D:2)
  6 goblins
  14 hobgoblins
  7 jackals
  6 kobolds
  3 quokkas
  2 ball pythons
  11 bats
  5 frilled lizards
  A leopard gecko skeleton (D:4)
  6 rats (D:1)
80 creatures vanquished.

Notes
Turn   | Place    | Note
-------+----------+-------------------------------------------
     0 | D:1      | Hook the Draconian Skald began the quest for the Orb.
     0 | D:1      | Reached XP level 1. HP: 17/17 MP: 3/3
   280 | D:1      | Reached XP level 2. HP: 22/24 MP: 0/5
   437 | D:1      | Reached XP level 3. HP: 10/29 MP: 6/6
   741 | D:1      | Learned a level 2 spell: Song of Slaying
   753 | D:1      | Learned a level 3 spell: Regeneration
   765 | D:1      | Reached skill level 3 in Charms
  1949 | D:2      | Reached XP level 4. HP: 33/37 MP: 0/7
  2563 | D:3      | Noticed miragecloak's ghost (amateur FoAK)
  2614 | D:3      | Noticed Sigmund
  2641 | D:2      | Killed Sigmund
  2641 | D:2      | Reached XP level 5. HP: 12/44 MP: 4/9
  2877 | D:3      | Found a blossoming altar of Fedhas.
  2891 | D:3      | Found an iron altar of Okawaru.
  3042 | D:3      | Noticed Terence
  3056 | D:3      | Killed Terence
  3056 | D:3      | Reached XP level 6. HP: 36/50 MP: 4/10
  3119 | D:3      | Learned a level 3 spell: Spectral Weapon
  3263 | D:3      | Noticed Grinder
  3271 | D:3      | Paralysed by Grinder for 3 turns
  3301 | D:3      | Killed Grinder
  3301 | D:3      | Reached skill level 4 in Charms
  3425 | D:3      | Found a burning altar of Makhleb.
  3427 | D:3      | Found a hazy altar of Hepliaklqana.
  3650 | D:4      | Noticed a slave
  3651 | D:4      | Noticed Pikel
  3651 | D:4      | Noticed a slave
  3653 | D:4      | Noticed a slave
  3659 | D:4      | Noticed a slave
  3828 | D:4      | Mangled by an ogre

Skill      XL: |  1  2  3  4  5  6 |
---------------+-------------------+-----
Charms         | 3 4 |  4.0
Axes           | 3 |  3.8
Dodging        | 3 |  3.6
Spellcasting   | 3 |  3.8
Fighting       | 3 |  3.1
Stealth        | |  0.4
Hexes          | |  0.1
Necromancy     | |  0.2

Action                   |  1- 3 |  4- 6 || total
-------------------------+-------+-------++-------
Melee: Hand axe          |   119 |   130 ||   249
       Tailslap          |     7 |    13 ||    20
 Cast: Infusion          |    19 |    20 ||    39
       Song of Slaying   |     2 |     2 ||     4
       Regeneration      |     1 |     3 ||     4
       Spectral Weapon   |       |     2 ||     2
  Use: Scroll            |     6 |     3 ||     9
       Potion            |       |     3 ||     3
  Eat: Bread ration      |     1 |       ||     1
       Meat ration       |       |     1 ||     1
       Chunk             |       |     1 ||     1
Armor: Skin              |    38 |    41 ||    79
Dodge: Dodged            |    88 |   104 ||   192
